 Dungeon Crawl Stone Soup version 0.25-a0-435-g4b9beb1024 (webtiles) character file.

Game seed: 14504032913574796441, levelgen mode: deterministic

1964 Emblim88 the Covert (level 9, -5/39 HPs)
             Began as a Spriggan Venom Mage on Jan 29, 2020.
             Was a Follower of Fedhas.
             Shot with an arrow by a centaur (8 damage)
             ... on level 7 of the Dungeon.
             The game lasted 00:25:20 (8702 turns).

Emblim88 the Covert (Spriggan Venom Mage)           Turns: 8702, Time: 00:25:21

Health: -5/39      AC:  1    Str:  4    XL:     9   Next: 0%
Magic:  11/18      EV: 22    Int: 19    God:    Fedhas [*.....]
Gold:   339        SH:  0    Dex: 17    Spells: 7/19 levels left

rFire    . . .     SeeInvis +   j - +0 hunting sling
rCold    . . .     Gourm    .   (shield restricted)
rNeg     . . .     Faith    .   s - +2 robe {MR+}
rPois    .         Spirit   .   (helmet restricted)
rElec    .         Reflect  .   (no cloak)
rCorr    .         Harm     .   (gloves unavailable)
MR       ++...                  (boots unavailable)
Stlth    ++++......             (no amulet)
HPRegen  0.13/turn              i - ring of attention (curse)
MPRegen  0.16/turn              k - -3 ring of protection (curse)

@: very slightly contaminated, very quick
A: very small, unfitting armour, see invisible, herbivore, speed 3, slow
metabolism 2
a: Renounce Religion


You were on level 7 of the Dungeon.
You worshipped Fedhas.
Fedhas was aware of your devotion.
You were not hungry.

You visited 1 branch of the dungeon, and saw 7 of its levels.

You collected 339 gold pieces.

Inventory:

Hand Weapons
 j - a +0 hunting sling (weapon)
Missiles
 e - 66 stones
 h - 29 sling bullets
 t - 3 curare-tipped darts (quivered)
 u - 4 poisoned darts
Armour
 a - a +1 robe
 s - a +2 robe of magic resistance (worn)
Jewellery
 i - a cursed ring of attention (left hand)
 k - a cursed -3 ring of protection (right hand)
 p - a +1 ring of protection
Scrolls
 g - a scroll of remove curse {unknown}
 l - 2 scrolls of fear
 o - a scroll of amnesia
 r - a scroll of enchant weapon
Potions
 b - a potion of brilliance {unknown}
 d - 3 potions of curing
 f - 2 potions of haste {unknown}
 m - a potion of lignification
 n - 2 potions of flight
 q - a potion of agility {unknown}
Comestibles
 c - 6 rations


   Skills:
 + Level 4.5 Slings
 + Level 6.8 Dodging
 * Level 10.0 Stealth
 + Level 5.5 Spellcasting
 + Level 5.5 Transmutations
 + Level 5.0 Poison Magic
 + Level 3.2 Invocations


You had 7 spell levels left.
You knew the following spells:

 Your Spells              Type           Power        Failure   Level  Hunger
b - Poisonous Vapours     Pois/Air       ##....       6%          2    None
c - Olgreb's Toxic Radia  Pois           ###.....     14%         4    ####...
d - Mephitic Cloud        Conj/Pois/Air  ##......     17%         3    ##.....
e - Ignite Poison         Fire/Tmut/Pois ###.....     9%          3    ##.....

Your spell library contained the following spells:

 Spells                   Type           Power        Failure   Level  Hunger
 Sting                    Tmut/Pois      ####         1%          1    None


Dungeon Overview and Level Annotations

Branches:
Dungeon (7/15)             Temple (0/1) D:6

Altars:
Fedhas
Trog
The Shining One

Annotations:
D:6 1 runed translucent door, Crazy Yiuf


Innate Abilities, Weirdness & Mutations

You are very small and have problems with some larger weapons.
You are too small for most types of armour.
You have supernaturally acute eyesight. (SInv)
You are a herbivore.
You cover ground extremely quickly.
You need to consume almost no food.


Message History

Press: ? - help, Dir - move target cursor, f/p - centaur
Aim: a centaur, wielding a +0 shortbow and quivering 18 arrows (lightly wounded, poisoned)
You miscast Poisonous Vapours.
Nothing appears to happen.
The centaur shoots an arrow.
The arrow completely misses you.
Casting: Poisonous Vapours (safe; 6% risk of failure)
Confirm with . or Enter, or press ? or * to list all spells.
Aiming: Poisonous Vapours (safe; 6% risk of failure)
Press: ? - help, Dir - move target cursor, f/p - centaur
Aim: a centaur, wielding a +0 shortbow and quivering 17 arrows (moderately wounded, poisoned) Poisonous vapours surround the centaur!
The centaur is engulfed in poison gas.
The centaur looks even sicker.
The centaur shoots an arrow.
The arrow hits you!
* * * LOW HITPOINT WARNING * * *
The centaur shoots an arrow.
The arrow barely misses you.
You see here an arrow.
You start resting.
The centaur shoots an arrow.
The arrow hits you.
* * * LOW HITPOINT WARNING * * *
The centaur shoots an arrow.
The arrow hits you!
You die...
Fedhas appreciates your contribution to the ecosystem.

### #....# ...##....#
..........#
..........#
#######....#
#....##..<.#
#(...#.....#
#....#...).#
#@...##....# ###+###
#....##....##
.......##...........#
..c....(c...........#
.[..................#
....................#
....................#
#####################


You could see a centaur.

Vanquished Creatures
  Joseph (D:7)
  Sigmund (D:4)
  Menkaure (D:5)
  A sky beast (D:6)
  A phantom (D:6)
  3 ogres
  A crocodile (D:4)
  A big kobold (D:7)
  A bullfrog (D:6)
  A howler monkey (D:4)
  2 bullfrog zombies
  3 hounds
  2 orc priests (D:4)
  2 bullfrog skeletons
  3 orc wizards
  Natasha (thrice) (D:3)
  Terence (D:3)
  A worker ant (D:6)
  A hound skeleton (D:4)
  A worker ant zombie (D:5)
  A howler monkey skeleton (D:4)
  3 adders
  A shadow imp (D:5)
  An adder skeleton (D:6)
  4 worms
  A dart slug (D:1)
  4 leopard geckos
  20 orcs
  A ball python (D:1)
  2 giant cockroaches
  6 goblins
  5 hobgoblins
  3 jackals (D:5)
  A quokka (D:4)
  4 bats
  2 frilled lizards
  8 kobolds
  A leopard gecko zombie (D:6)
  10 rats
109 creatures vanquished.

Notes
Turn   | Place    | Note
-------+----------+-------------------------------------------
     0 | D:1      | Emblim88 the Spriggan Venom Mage began the quest for the
                  | Orb.
     0 | D:1      | Reached XP level 1. HP: 9/9 MP: 5/5
   243 | D:1      | Reached XP level 2. HP: 13/13 MP: 4/6
   247 | D:1      | Learned a level 2 spell: Poisonous Vapours
   982 | D:1      | Reached skill level 4 in Stealth
  1143 | D:1      | Reached XP level 3. HP: 16/16 MP: 4/8
  1969 | D:3      | Noticed Terence
  1986 | D:3      | Killed Terence
  2062 | D:2      | Reached XP level 4. HP: 15/21 MP: 4/9
  2246 | D:3      | Noticed Natasha
  2257 | D:3      | Killed Natasha
  2257 | D:3      | Reached skill level 1 in Slings
  2534 | D:3      | Noticed Natasha
  2590 | D:3      | Reached skill level 5 in Stealth
  2832 | D:3      | Learned a level 4 spell: Olgreb's Toxic Radiance
  3060 | D:3      | Killed Natasha
  3060 | D:3      | Reached XP level 5. HP: 24/24 MP: 4/11
  3082 | D:3      | Noticed Natasha
  3092 | D:3      | Killed Natasha
  3256 | D:4      | Found a blossoming altar of Fedhas.
  3269 | D:4      | Became a worshipper of Fedhas Madash
  3306 | D:4      | Noticed Sigmund
  3346 | D:4      | Killed Sigmund
  3346 | D:4      | Reached skill level 6 in Stealth
  3346 | D:4      | Reached XP level 6. HP: 28/28 MP: 1/12
  3448 | D:4      | Reached skill level 1 in Invocations
  3677 | D:4      | Found a glowing golden altar of the Shining One.
  3830 | D:4      | Reached skill level 5 in Dodging
  3909 | D:4      | Reached skill level 7 in Stealth
  3909 | D:4      | Reached XP level 7. HP: 32/32 MP: 3/14
  4514 | D:4      | Learned a level 3 spell: Mephitic Cloud
  4518 | D:4      | Learned a level 3 spell: Ignite Poison
  4533 | D:5      | Entered Level 5 of the Dungeon
  4817 | D:5      | Reached * piety under Fedhas
  4879 | D:5      | Noticed Menkaure
  4992 | D:5      | Killed Menkaure
  4992 | D:5      | Reached skill level 8 in Stealth
  5318 | D:5      | Reached XP level 8. HP: 33/36 MP: 6/16
  6390 | D:6      | Found a staircase to the Ecumenical Temple.
  6510 | D:6      | Reached skill level 5 in Spellcasting
  6873 | D:6      | Reached skill level 9 in Stealth
  6873 | D:6      | Reached skill level 5 in Transmutations
  7359 | D:6      | Found a runed translucent door.
  7360 | D:6      | Noticed Crazy Yiuf
  8379 | D:6      | Noticed a moth of wrath
  8381 | D:6      | Found a bloodstained altar of Trog.
  8567 | D:7      | Noticed Joseph
  8570 | D:7      | Killed Joseph
  8570 | D:7      | Reached skill level 5 in Poison Magic
  8573 | D:7      | Reached skill level 10 in Stealth
  8573 | D:7      | Reached XP level 9. HP: 39/39 MP: 1/18
  8702 | D:7      | Shot with an arrow by a centaur

Levels and vault maps discovered:
D:1:      dpeg_arrival_tiny_a, layout_basic
D:2:      layout_basic, first_ration, hex_medium
D:3:      layout_basic, uniq_natasha, uniq_terence
D:4:      layout_rooms, nicolae_tso_carved_into_rock, fedhas_altar_1,
          uniq_sigmund
D:5:      layout_basic, chequers_serial_rivers_small_b, kennysheep_crisscross,
          kennysheep_cluttered_room, st_stairs_10, solitary_fountain, hex_tiny,
          uniq_menkaure
D:6:      layout_basic, minmay_temple_entry_stoned_glass,
          chequers_serial_rivers_marsh, tgw_trog, uniq_crazy_yiuf_cottage
D:7:      layout_gridville, basic_altar, uniq_pikel, uniq_joseph, uniq_maggie

Skill      XL: |  1  2  3  4  5  6  7  8 |
---------------+-------------------------+-----
Stealth        | 4 5 6 7 8 10 | 10.0
Spellcasting   | 3 4 5 |  5.5
Transmutations | 2 3 4 5 |  5.5
Slings         | 1 2 3 4 |  4.5
Dodging        | 4 5 6 |  6.8
Invocations    | 1 2 3 |  3.2
Poison Magic   | 4 5 |  5.0

Action                   |  1- 3 |  4- 6 |  7- 9 || total
-------------------------+-------+-------+-------++-------
 Fire: Hunting sling     |    16 |    43 |   458 ||   517
Throw: Stone             |     4 |       |       ||     4
       Dart              |       |       |    51 ||    51
 Cast: Sting             |    10 |       |       ||    10
       Poisonous Vapours |    36 |    47 |    45 ||   128
       Olgreb's Toxic Ra |       |     1 |     3 ||     4
       Mephitic Cloud    |       |       |     1 ||     1
       Ignite Poison     |       |       |     1 ||     1
  Use: Scroll            |     1 |     3 |     6 ||    10
       Potion            |       |       |     1 ||     1
  Eat: Ration            |       |     2 |     3 ||     5
Armor: Robe              |     3 |     1 |    36 ||    40
Dodge: Dodged            |    18 |    34 |   291 ||   343

Table legend:
 A = Non-vault XP
 B = Vault XP
 C = Vault XP percentage of total XP
 D = Non-vault monster count
 E = Vault monster count
 F = Vault count percentage of total count
                 A         B        C        D         E       F
            +---------+---------+-------+---------+---------+-------
      Total |    1712 |    1095 |  39.0 |     101 |       8 |   7.3
            +---------+---------+-------+---------+---------+-------
        D:1 |      42 |       0 |   0.0 |      26 |       0 |   0.0
        D:2 |      23 |       0 |   0.0 |       8 |       0 |   0.0
        D:3 |     110 |      73 |  39.9 |      14 |       2 |  12.5
        D:4 |     565 |     349 |  38.2 |      21 |       2 |   8.7
        D:5 |     308 |     202 |  39.6 |      12 |       3 |  20.0
        D:6 |     561 |       0 |   0.0 |      17 |       0 |   0.0
        D:7 |     103 |     471 |  82.1 |       3 |       1 |  25.0
            +---------+---------+-------+---------+---------+-------
